AoeStats
← Jozz

Golden Pit

510140871Analyzed
1v1 RM · 3d ago on Sep 29, 2026· 50m 48s· 2 players
Game mode
Random Map
Map size
Tiny (2 player)
Population
200
Speed
Normal
Resources
Standard
Victory
Conquest
Starting age
Dark Age
Ending age
Imperial Age
RankedLock teamsTeams togetherTeam positionsShared explorationLock speedFull tech treeHidden civsTurbo modeCheats
Victory
Defeat
🇺🇸 Magyars · United States
1391
+14
🇧🇪 Vietnamese · Belgium
1339
-14
Jozz
6:21 Loom
9:20 Feudal Age
12:53 Wheelbarrow
18:00 Fletching
19:30 Double-Bit Axe
19:27 Horse Collar
25:03 Castle Age
23:33 Padded Archer Armor
25:53 Bow Saw
25:06 Crossbowman
25:44 Bodkin Arrow
26:10 Heavy Plow
26:47 Town Watch
29:10 Ballistics
29:21 Leather Archer Armor
29:55 Hand Cart
29:48 Gold Mining
37:42 Imperial Age
35:20 Stone Mining
37:46 Thumb Ring
38:28 Scale Mail Armor
38:39 Forging
38:47 Bracer
38:13 Arbalester
41:24 Chemistry
46:18 Scale Barding Armor
46:31 Chain Mail Armor
Perfunctory
9:03 Feudal Age
9:42 Loom
14:49 Wheelbarrow
16:47 Double-Bit Axe
18:35 Fletching
22:48 Castle Age
22:11 Horse Collar
23:46 Bow Saw
23:52 Bodkin Arrow
27:37 Scale Barding Armor
27:35 Padded Archer Armor
27:21 Elite Skirmisher
30:31 Town Watch
34:46 Chain Barding Armor
36:07 Bloodlines
36:57 Husbandry
38:44 Ballistics
44:40 Imperial Age
45:07 Masonry
48:30 Corvinian Army
50:05 Conscription
Connection lost

Rejoining the realm…

Still unreachable

The connection could not be restored.

Session expired

The server has moved on; the page needs a fresh start.